 Dungeon Crawl Stone Soup version 0.21-a0-584-g185da8e (webtiles) character file.

210112 Lasiace the Devastator (level 17, 0/149 HPs)
             Began as a Demigod Conjurer on Dec 19, 2017.
             Hit by a poisoned javelin thrown by a merfolk javelineer (13 damage)
             ... on level 4 of the Shoals on Dec 21, 2017.
             The game lasted 05:34:24 (60144 turns).

Lasiace the Devastator (Demigod Conjurer)          Turns: 60144, Time: 05:34:25

Health: 0/149      AC: 20    Str: 15    XL:     17   Next: 55%
Magic:  2/52       EV: 20    Int: 32    God:
Gold:   307        SH:  5    Dex: 16    Spells: 2/38 levels left

rFire    + . .     SeeInvis .   a - staff of power {!w}
rCold    + + .     Gourm    .   d - +0 buckler
rNeg     . . .     Faith    .   o - +0 acid dragon scales
rPois    +         Spirit   .   H - +2 helmet {Int+3}
rElec    +         Reflect  .   J - scarf {rC+ rF+}
rCorr    +         Harm     .   V - +2 pair of gloves of the Exiled Songs {Str+4}
MR       +....                  b - +2 pair of boots
Stlth    ++........             Y - amulet of regeneration
HPRegen  0.74/turn              L - ring of Xom's Absentmindedness {rElec rPois rC+ EV+2}
MPRegen  0.33/turn              K - +2 ring of protection

@: no status effects
A: high mp 1
}: 1/15 runes: gossamer
a: no special abilities


You were on level 4 of the Shoals.
You were not hungry.

You visited 5 branches of the dungeon, and saw 31 of its levels.
You visited 1 bazaar.
You also visited: Ossuary.

You collected 3527 gold pieces.
You spent 3220 gold pieces at shops.

Inventory:

Armour
 b - a +2 pair of boots (worn)
 d - a +0 buckler (worn)
 o - +0 acid dragon scales (worn)
 D - a +2 cloak of magic resistance
 H - a +2 helmet of intelligence (worn)
 J - a scarf of resistance (worn)
 V - the +2 pair of gloves of the Exiled Songs (worn) {Str+4}
   (You bought it in a shop on level 2 of the Orcish Mines)

   It affects your strength (+4).
Magical Staves
 a - an uncursed staff of power (weapon) {!w}
Jewellery
 K - a +2 ring of protection (right hand)
 L - the ring of Xom's Absentmindedness (left hand) {rElec rPois rC+ EV+2}
   (You found it on level 6 of the Dungeon)

   [ring of evasion]

   It affects your evasion (+2).
   It protects you from cold.
   It insulates you from electricity.
   It protects you from poison.
 U - an uncursed ring of flight
 X - an uncursed ring of see invisible
 Y - an amulet of regeneration (around neck)
Wands
 e - a wand of acid (15)
 m - a wand of paralysis (23)
 p - a wand of flame (55)
 z - a wand of digging (20)
 F - a wand of random effects (60)
 Q - a wand of enslavement (29)
Scrolls
 f - 4 scrolls of fear
 k - 12 scrolls of teleportation {@r3 !r}
 n - 2 scrolls of blinking {@r5 !r}
 r - 13 scrolls of remove curse
 v - a scroll of silence
 y - 7 scrolls of magic mapping
 C - a scroll of fog
 E - a scroll of amnesia
 M - a scroll of enchant armour
 N - 11 scrolls of identify {@r4}
Potions
 g - 5 potions of brilliance
 h - 8 potions of curing {@q2}
 i - 5 potions of haste
 j - 3 potions of cancellation
 l - 6 potions of heal wounds {@q1}
 q - 4 potions of mutation {!q}
 s - 6 potions of agility
 t - 4 potions of might
 u - a potion of invisibility
 w - a potion of berserk rage {!q}
 A - 3 potions of magic
 I - 5 potions of ambrosia
 P - a potion of resistance
 S - 2 potions of flight
Books
 B - a book of the Sky

   Spells                             Type                      Level
   a - Summon Lightning Spire         Summoning/Air                4
   b - Silence                        Hexes/Air                    5
   c - Deflect Missiles               Charms/Air                   6
   d - Conjure Ball Lightning         Conjuration/Air              6
   e - Tornado                        Air                          9
Miscellaneous
 x - a lamp of fire
Comestibles
 c - 42 rations


   Skills:
 - Level 13.0 Fighting
 - Level 8.0 Armour
 - Level 10.0 Dodging
 - Level 1.7 Stealth
 - Level 4.0 Shields
 - Level 11.0 Spellcasting
 + Level 18.5 Conjurations
 - Level 5.0 Translocations
 - Level 10.0 Air Magic


You had 2 spell levels left.
You knew the following spells:

 Your Spells              Type           Power        Failure   Level  Hunger
a - Iskenderun's Mystic   Conj           #######.     1%          4    None
b - Dazzling Spray        Conj/Hex       ######       1%          3    None
c - Force Lance           Conj/Tloc      #######.     1%          4    None
d - Orb of Destruction    Conj           #######...   1%          7    ######.
e - Lightning Bolt        Conj/Air       #######...   1%          5    ##.....
f - Conjure Ball Lightni  Conj/Air       #######...   1%          6    ####...
g - Iskenderun's Battles  Conj/Chrm      ######..     2%          5    ##.....
h - Blink                 Tloc           N/A          1%          2    None


Dungeon Overview and Level Annotations

Branches:
Dungeon (15/15)            Temple (0/1) D:6            Lair (6/6) D:9
 Shoals (4/4) Lair:4       Spider (4/4) Lair:2        Slime (0/5) Lair:5
    Orc (2/2) D:12            Elf (0/3) Orc:2        Vaults (0/5) D:13
 Depths (0/5) D:15

Shops:
D:4 ?   D:5 [   D:6 *   D:11 %   D:13 ?   Orc:1 *   Orc:2 ([*:   Shoals:2 }
Shoals:3 }=}(

Annotations:
Shoals:3 RedSky's ghost, adept DrAE


Innate Abilities, Weirdness & Mutations

You have an increased reservoir of magic. (+10% MP)


Message History

The merfolk throws an exploding tomahawk.
The exploding tomahawk closely misses you.
The exploding tomahawk explodes!
A merfolk comes into view. It is wielding a trident.
You eat one of the 43 rations.
That ration really hit the spot!
The orb of destruction hits the merfolk javelineer.
The merfolk javelineer is almost dead.
You block the merfolk's attack.
The merfolk javelineer throws a poisoned javelin.
The poisoned javelin hits you!
* * * LOW HITPOINT WARNING * * *
The merfolk throws an exploding tomahawk.
The exploding tomahawk hits you!
* * * LOW HITPOINT WARNING * * *
The exploding tomahawk explodes!
The explosion of tomahawk fragments engulfs you!
You hear an angry hiss.
You hear a shout!
The merfolk javelineer throws a poisoned javelin.
The poisoned javelin hits you!
You die...

≈≈≈≈≈≈.......≈≈≈≈≈≈≈≈
≈≈≈≈≈≈.......≈≈≈≈....
≈≈≈≈≈.....[..≈≈≈.....
≈≈≈..........%≈≈.....
..................##
###...(........#...
#..(.).m.≈≈≈#.#..
#.(.)§§.≈≈≈≈.#..≈
#.@.))..≈≈≈#≈..≈# ##
#..(§(.≈≈≈≈#≈≈≈#≈ ...
#(..(..≈≈≈≈# ≈#
≈≈..####m†.≈≈≈≈≈#
≈≈≈≈..###m.≈≈≈≈≈≈
≈≈≈≈≈..#.m≈≈≈≈≈≈≈
≈≈≈≈≈≈..<≈≈≈≈≈≈≈≈
≈≈≈≈≈≈≈≈≈≈≈≈≈≈≈≈≈
≈≈≈≈≈≈≈≈≈≈≈≈≈≈≈≈≈


You could see a merfolk javelineer and 3 merfolk.

Vanquished Creatures
  Mara (Spider:3)
  Nikola (Spider:2)
  Arachne (Spider:3)
  Rupert (D:14)
  A kraken (Shoals:3)
  Polyphemus (Shoals:3)
  Ilsuiw (Shoals:4)
  Kirke (D:13)
  4 emperor scorpions (Spider:4)
  2 orc warlords (Orc:1)
  A ghost moth (shapeshifter) (D:15)
  4 ghost moths
  5 entropy weavers
  Nessos (D:12)
  Azrael (D:14)
  A spark wasp (Spider:1)
  A dire elephant (Lair:6)
  The ghost of TheGoonsmith the Unseen, a journeyman SpEn of Gozag (Orc:1)
  2 merfolk javelineers (Shoals:3)
  Snorg (Lair:5)
  4 merfolk impalers
  An ettin (D:13)
  A fire dragon (Lair:6)
  A yaktaur captain (D:15)
  Erolcha (Orc:1)
  A vault guard (D:13)
  7 hydras
  2 merfolk avatars
  4 catoblepae
  7 centaur warriors
  2 satyrs
  4 merfolk aquamancers
  6 two-headed ogres
  Urug (D:13)
  A queen ant (Lair:3)
  6 death yaks
  4 orc high priests (Orc:2)
  A deep elf knight (D:15)
  14 sea snakes
  3 unseen horrors
  A swamp dragon (Lair:6)
  An ugly thing (D:12)
  17 orb spiders
  5 orc knights
  7 harpies
  A wolf spider zombie (D:13)
  A lindwurm (Lair:6)
  10 fauns
  9 orc sorcerers
  23 wolf spiders
  A cyclops (D:12)
  Maurice (D:9)
  4 manticores
  3 moths of wrath
  14 elephants
  3 black mambas (Lair:6)
  3 water nymphs
  4 centaur skeletons
  4 gargoyles
  4 merfolk sirens
  11 spiny frogs
  2 torpor snails (Spider:2)
  A yaktaur (shapeshifter) (D:13)
  3 kobold demonologists
  16 rime drakes
  4 komodo dragons
  A yaktaur (D:15)
  9 demonic crawlers
  A queen bee (Lair:2)
  39 jumping spiders
  3 trolls
  11 merfolk
  A polar bear (Lair:6)
  7 hornets
  6 meliai
  A wind drake (shapeshifter) (D:13)
  2 wind drakes (Shoals:2)
  9 dream sheep
  20 blink frogs
  11 snapping turtles
  20 hippogriffs
  63 redbacks
  13 water elementals
  9 wyverns
  21 tarantellas
  A shadow (D:14)
  2 wraiths
  19 yaks
  2 fire elementals
  A vampire (D:13)
  A hog (D:13)
  6 hungry ghosts
  2 steam dragons
  7 basilisks
  2 wargs
  A soldier ant (shapeshifter) (D:13)
  2 acid dragons
  12 water moccasins
  2 floating eyes (D:10)
  7 soldier ants
  5 porcupines
  6 hell hounds
  2 swamp drakes
  50 orc warriors
  3 black bears
  6 sky beasts
  An eye of draining (D:15)
  3 phantoms
  3 ice beasts
  11 ogres
  20 centaurs
  19 wolves
  A necrophage (D:7)
  2 elf zombies (Ossuary)
  16 crocodiles
  5 big kobolds
  15 bullfrogs
  4 scorpions
  30 killer bees
  5 wights
  6 electric eels
  5 howler monkeys
  7 crimson imps
  A centaur zombie (Ossuary)
  A human zombie (Ossuary)
  3 quasits
  8 jellies
  A gnoll shaman (D:4)
  37 orc priests
  6 hounds
  45 orc wizards
  A bullfrog skeleton (D:12)
  8 iguanas
  30 worker ants
  A killer bee zombie (D:4)
  3 big kobold zombies (Ossuary)
  3 hound zombies
  2 hound skeletons (D:10)
  3 mummies (Ossuary)
  11 gnolls
  12 adders
  2 howler monkey skeletons
  5 shadow imps
  4 oozes (Lair:5)
  6 adder zombies
  An adder skeleton (D:4)
  2 worms (D:5)
  5 dart slugs
  5 leopard geckos
  142 orcs
  5 giant cockroaches
  A gnoll zombie (Ossuary)
  4 goblins
  8 hobgoblins
  18 jackals
  7 quokkas
  2 ball pythons
  8 bats
  7 frilled lizards
  2 goblin zombies (Ossuary)
  4 hobgoblin zombies (Ossuary)
  3 jackal zombies (Ossuary)
  8 kobolds
  6 kobold zombies (Ossuary)
  A leopard gecko zombie (D:6)
  3 quokka skeletons
  4 quokka zombies
  7 rats
  2 rat zombies
  A plant (Shoals:2)
  2 tentacles (Shoals:3)
1246 creatures vanquished.

Vanquished Creatures (collateral kills)
  A hornet (Spider:4)
  A redback (Spider:4)
2 creatures vanquished.

Vanquished Creatures (others)
  15 ball lightnings (Shoals:4)
  A centaur zombie (D:14)
  A hornet (Spider:4)
  A tarantella (Spider:4)
  2 redbacks (Spider:4)
  5 humans (D:14)
  A sky beast (D:9)
  A centaur (D:10)
  A worker ant (D:14)
  A kobold (D:14)
  7 fungi
  18 plants
  3 tentacles (Shoals:3)
57 creatures vanquished.

Grand Total: 1305 creatures vanquished

Notes
Turn   | Place    | Note
-------+----------+-------------------------------------------
     0 | D:1      | Lasiace the Demigod Conjurer began the quest for the Orb.
     0 | D:1      | Reached XP level 1. HP: 14/14 MP: 5/5
   172 | D:1      | Reached skill level 4 in Conjurations
   300 | D:1      | Reached XP level 2. HP: 20/20 MP: 7/7
   383 | D:1      | Learned a level 2 spell: Searing Ray
  1176 | D:1      | Reached XP level 3. HP: 26/26 MP: 6/8
  1571 | D:2      | Noticed a phantom
  1605 | D:2      | Killed a phantom
  1605 | D:2      | Reached skill level 5 in Conjurations
  1605 | D:2      | Reached XP level 4. HP: 28/33 MP: 0/9
  1966 | D:2      | Reached skill level 6 in Conjurations
  1966 | D:2      | Reached XP level 5. HP: 38/38 MP: 4/10
  3248 | D:3      | Learned a level 3 spell: Dazzling Spray
  3253 | D:3      | Learned a level 4 spell: Iskenderun's Mystic Blast
  3779 | D:3      | Reached XP level 6. HP: 37/45 MP: 8/14
  4780 | D:4      | Found Ycvo's Magic Scroll Shop.
  4919 | D:4      | Bought a scroll of random uselessness for 11 gold pieces
  4919 | D:4      | Bought a scroll of identify for 22 gold pieces
  4919 | D:4      | Bought a scroll of teleportation for 33 gold pieces
  4919 | D:4      | Bought a scroll of immolation for 38 gold pieces
  4919 | D:4      | Bought a scroll of magic mapping for 38 gold pieces
  4977 | D:4      | Reached skill level 1 in Shields
  5348 | D:4      | Reached XP level 7. HP: 50/50 MP: 8/16
  5939 | D:4      | Found a stormy altar of Qazlal.
  5939 | D:4      | Found a deep blue altar of Sif Muna.
  5992 | D:5      | Entered Level 5 of the Dungeon
  6531 | D:5      | Reached skill level 7 in Conjurations
  6806 | D:5      | Found Teul's Antique Armour Boutique.
  7258 | D:5      | Reached XP level 8. HP: 45/57 MP: 6/17
  7422 | D:5      | Bought a pair of gloves for 121 gold pieces
  7650 | D:6      | Reached skill level 8 in Conjurations
  7684 | D:6      | Reached skill level 1 in Fighting
  7711 | D:6      | Got a pitted ivory ring
  7714 | D:6      | Identified the ring of Xom's Absentmindedness {rElec rPois rC+ EV+2} (You found it on level 6 of the Dungeon)
  7722 | D:6      | Found a staircase to the Ecumenical Temple.
  7902 | D:6      | Found a sand-covered staircase.
  7958 | Ossuary  | Entered an ossuary
  9204 | D:6      | Found Zeji Puh's Assorted Antiques.
  9210 | D:6      | Bought 3 scrolls labeled MIJYITR HODEYC for 84 gold pieces
  9401 | D:6      | Found a deep blue altar of Sif Muna.
  9953 | D:7      | Noticed a two-headed ogre
 10083 | D:7      | Reached skill level 5 in Dodging
 10211 | D:7      | Reached XP level 9. HP: 69/69 MP: 5/18
 11175 | D:7      | Killed a two-headed ogre
 11175 | D:7      | Reached skill level 9 in Conjurations
 11632 | D:8      | Reached skill level 10 in Conjurations
 12503 | D:8      | Noticed a two-headed ogre
 12527 | D:8      | Killed a two-headed ogre
 12527 | D:8      | Reached skill level 5 in Fighting
 12533 | D:8      | Learned a level 4 spell: Force Lance
 12609 | D:8      | Reached skill level 1 in Translocations
 12609 | D:8      | Reached XP level 10. HP: 81/81 MP: 7/19
 12941 | D:8      | Found an ancient bone altar of Kikubaaqudgha.
 13540 | D:9      | Noticed Maurice
 13566 | D:9      | Killed Maurice
 14044 | D:9      | Found a staircase to the Lair.
 14044 | D:9      | Noticed an elephant
 14124 | D:9      | Killed an elephant
 14124 | D:9      | Reached skill level 5 in Translocations
 15257 | D:9      | Upgraded the game from 0.21-a0-583-g2c32b0f to 0.21-a0-584-g185da8e
 15265 | D:10     | Entered Level 10 of the Dungeon
 15315 | Lair:1   | Entered Level 1 of the Lair of Beasts
 16397 | Lair:2   | Noticed an elephant
 16397 | Lair:2   | Noticed an elephant
 16397 | Lair:2   | Noticed an elephant
 16398 | Lair:2   | Noticed an elephant
 16419 | Lair:2   | Killed an elephant
 16434 | Lair:2   | Killed an elephant
 16434 | Lair:2   | Reached skill level 5 in Spellcasting
 16459 | Lair:2   | Killed an elephant
 16459 | Lair:2   | Reached XP level 11. HP: 56/89 MP: 3/23
 17350 | Lair:2   | Reached skill level 11 in Conjurations
 18158 | Lair:2   | Found a hole to the Spider Nest.
 18479 | Lair:3   | Reached skill level 12 in Conjurations
 19540 | Lair:3   | Reached XP level 12. HP: 89/97 MP: 14/28
 21306 | Lair:4   | Found a staircase to the Shoals.
 21442 | Lair:4   | Reached skill level 10 in Dodging
 21821 | Lair:4   | Noticed a seven-headed hydra
 22209 | Lair:5   | Found a staircase to the Slime Pits.
 23610 | Lair:5   | Noticed Snorg
 23625 | Lair:5   | Killed Snorg
 23926 | Lair:5   | Noticed a six-headed hydra
 23927 | Lair:5   | Noticed a six-headed hydra
 23959 | Lair:4   | Killed a seven-headed hydra
 23959 | Lair:4   | Reached skill level 1 in Armour
 24141 | Lair:5   | Killed a six-headed hydra
 24568 | Lair:4   | Reached XP level 13. HP: 98/111 MP: 10/29
 24906 | Lair:6   | Entered Level 6 of the Lair of Beasts
 25180 | Lair:6   | Reached skill level 5 in Armour
 26060 | Lair:6   | Noticed a dire elephant
 26102 | Lair:6   | Killed a dire elephant
 26343 | Lair:6   | Reached skill level 13 in Conjurations
 27285 | Lair:6   | Reached skill level 14 in Conjurations
 29512 | D:10     | Paralysed by a floating eye for 3 turns
 30106 | D:10     | Reached XP level 14. HP: 118/118 MP: 30/30
 30560 | D:11     | Reached skill level 15 in Conjurations
 31417 | D:11     | Found Jawybup's Food Emporium.
 32525 | D:12     | Noticed Nessos
 32535 | D:12     | Killed Nessos
 32943 | D:12     | Learned a level 5 spell: Lightning Bolt
 33368 | D:12     | Paralysed by an orc for 2 turns
 33385 | D:12     | Found a staircase to the Orcish Mines.
 33700 | D:12     | Reached skill level 16 in Conjurations
 33866 | Orc:1    | Entered Level 1 of the Orcish Mines
 33866 | Orc:1    | Noticed Erolcha
 33872 | Orc:1    | Killed Erolcha
 33872 | Orc:1    | Reached skill level 1 in Air Magic
 33966 | Orc:2    | Entered Level 2 of the Orcish Mines
 34112 | Orc:1    | Noticed TheGoonsmith's ghost (journeyman SpEn)
 34133 | Orc:1    | Killed TheGoonsmith's ghost
 34977 | Orc:1    | Found Mxunucw's Merry Market.
 34992 | Orc:1    | Bought a scroll of magic mapping for 49 gold pieces
 34992 | Orc:1    | Bought a potion of mutation for 112 gold pieces
 34992 | Orc:1    | Bought a book of Minor Magic for 280 gold pieces
 34995 | Orc:1    | Learned a level 2 spell: Blink
 36677 | Orc:2    | Reached skill level 5 in Air Magic
 36755 | Orc:2    | Paralysed by an orc sorcerer for 7 turns
 36960 | Orc:2    | Noticed an orc warlord
 36987 | Orc:1    | Killed an orc warlord
 37571 | Orc:2    | Found a staircase to the Elven Halls.
 38120 | Orc:1    | Noticed an orc warlord
 38139 | Orc:1    | Killed an orc warlord
 38429 | Orc:2    | Found a runed door.
 38697 | Orc:2    | Found Icyopp's Antique Armour Emporium.
 38698 | Orc:2    | Found Quirph Qikh's Antique Weapon Emporium.
 38699 | Orc:2    | Found Ediwnos's General Store.
 38699 | Orc:2    | Found Veisum's Book Shoppe.
 38715 | Orc:2    | Bought a pair of runed boots for 240 gold pieces
 38715 | Orc:2    | Bought a pair of scorched gloves for 304 gold pieces
 38715 | Orc:2    | Bought a glowing scarf for 256 gold pieces
 38738 | Orc:2    | Bought a fine robe for 182 gold pieces
 39000 | D:6      | Bought a scroll of teleportation for 84 gold pieces
 39000 | D:6      | Bought a scroll of identify for 56 gold pieces
 39000 | D:6      | Bought a potion of brilliance for 112 gold pieces
 39073 | D:4      | Bought a scroll of identify for 22 gold pieces
 39073 | D:4      | Bought a scroll of silence for 82 gold pieces
 39073 | D:4      | Bought a scroll of identify for 22 gold pieces
 39073 | D:4      | Identified the +2 robe "Bagemafe" {*Contam rElec Regen+ Dex+4} (You bought it in a shop on level 2 of the Orcish Mines)
 39074 | D:4      | Identified the +2 pair of gloves of the Exiled Songs {Str+4} (You bought it in a shop on level 2 of the Orcish Mines)
 39821 | Orc:2    | Found a roughly hewn altar of Beogh.
 40763 | D:13     | Found a gate to the Vaults.
 40974 | D:13     | Found Oxeen's Magic Scroll Emporium.
 41107 | D:13     | Bought a scroll of fear for 59 gold pieces
 41107 | D:13     | Bought a scroll of identify for 34 gold pieces
 41107 | D:13     | Bought a scroll of identify for 34 gold pieces
 41107 | D:13     | Bought a scroll of identify for 34 gold pieces
 41107 | D:13     | Bought a scroll of amnesia for 59 gold pieces
 41476 | D:14     | Noticed Azrael
 41476 | D:14     | Noticed Rupert
 41498 | D:14     | Noticed Urug
 41498 | D:14     | Noticed Kirke
 41598 | D:13     | Reached XP level 15. HP: 126/126 MP: 21/31
 41601 | D:13     | Killed Kirke
 41685 | D:13     | Killed Urug
 41685 | D:13     | Reached skill level 10 in Fighting
 42021 | D:14     | Killed Rupert
 42456 | D:14     | Found a shimmering altar of Xom.
 42642 | D:14     | Killed Azrael
 42836 | D:15     | Entered Level 15 of the Dungeon
 44624 | D:15     | Found a staircase to the Depths.
 45354 | Spider:1 | Entered Level 1 of the Spider Nest
 45359 | Spider:1 | Reached skill level 10 in Air Magic
 47644 | Spider:2 | Reached skill level 10 in Spellcasting
 48912 | Orc:2    | Bought a book of Power for 450 gold pieces
 48920 | Orc:2    | Learned a level 7 spell: Orb of Destruction
 48926 | Orc:2    | Learned a level 5 spell: Iskenderun's Battlesphere
 49155 | Spider:3 | Noticed Mara
 49336 | Spider:3 | Reached XP level 16. HP: 137/137 MP: 25/35
 49495 | Spider:3 | Noticed Arachne
 49495 | Spider:3 | Noticed Nikola
 49508 | Spider:2 | Killed Nikola
 49667 | Spider:3 | Noticed Lasiace's illusion
 49765 | Spider:4 | Entered Level 4 of the Spider Nest
 50154 | Spider:4 | Reached skill level 17 in Conjurations
 50578 | Spider:3 | HP: 5/137 [entropy weaver (6)]
 51209 | Spider:3 | Killed Arachne
 52410 | Spider:3 | Killed Mara
 52410 | Spider:3 | Reached skill level 18 in Conjurations
 55506 | Spider:4 | Got a gossamer rune of Zot
 55748 | Shoals:1 | Entered Level 1 of the Shoals
 56401 | Shoals:1 | Reached XP level 17. HP: 148/148 MP: 0/36
 57639 | Shoals:2 | Found Ranotodd's Gadget Shop.
 58370 | Shoals:3 | Found a flickering gateway to a bazaar.
 58374 | Shoals:3 | Noticed Polyphemus
 58398 | Shoals:3 | Found Emesitel's Antique Weapon Boutique.
 58610 | Shoals:3 | Killed Polyphemus
 58717 | Bazaar   | Entered a bazaar
 58718 | Bazaar   | Found Orronaps's Assorted Antiques.
 58735 | Bazaar   | Found Rohuvaox's Armour Shop.
 58759 | Bazaar   | Found Estrergh's Jewellery Shoppe.
 58769 | Bazaar   | Found Siadif's Magic Scroll Shop.
 58772 | Bazaar   | Found Zewu's Armour Shop.
 58780 | Bazaar   | Bought a +2 helmet of intelligence for 193 gold pieces
 58810 | Bazaar   | Bought a scroll of identify for 44 gold pieces
 58810 | Bazaar   | Bought a scroll of enchant armour for 165 gold pieces
 59261 | Shoals:3 | Found Xipahiul's Gadget Emporium.
 59262 | Shoals:3 | Found Egroq's Jewellery Shoppe.
 59615 | Shoals:3 | Found Liwuets's Gadget Shop.
 59748 | Shoals:3 | Noticed RedSky's ghost (adept DrAE)
 59989 | Shoals:3 | Learned a level 6 spell: Conjure Ball Lightning
 59998 | Shoals:4 | Entered Level 4 of the Shoals
 60121 | Shoals:4 | Noticed Ilsuiw
 60138 | Shoals:4 | Killed Ilsuiw
 60144 | Shoals:4 | Hit by a poisoned javelin thrown by a merfolk javelineer

Vault maps used:
D:1:      lemuel_arrival_room, nrook_mini_vaults
D:2:      first_ration, kennysheep_generic_room_10
D:3:      kennysheep_six_static_rooms, roderic_cross_of_infinity,
          kennysheep_generic_room_2
D:4:      gammafunk_temple_overflow_elements, serial_shops, shop,
          lightli_corner_chamber
D:5:      serial_shops, shop
D:6:      kennysheep_orc_sif_temple, minmay_temple_entry_fiery, enter_ossuary_4,
          serial_shops, shop
D:8:      basic_altar
D:9:      david_lair_generic, uniq_maurice
D:10:     hangedman_ranch, st_stairs_7, onia_ninara_cookie
D:11:     serial_shops, nicolae_shop_trees, hangedman_abyss_or_decor_stabs,
          grunt_ministairs_10
D:12:     erik_orc_1, uniq_nessos
D:13:     david_vaults_4, serial_shops, shop
D:14:     basic_altar, minmay_misc_feat_tiny, kennysheep_generic_room_13,
          uniq_azrael, uniq_urug, uniq_kirke, uniq_rupert
D:15:     grunt_enter_depths_snipers
Lair:2:   spider_nest_entry_funnel_web, special_room
Lair:3:   minmay_another_anthill, wad_woods_river_01
Lair:4:   minmay_shoals_entry_lonely_mermaid, special_room, disabler_island,
          grunt_megastairs_4
Lair:5:   nicolae_slime_entry_slimehenge, grunt_megastairs_5, uniq_snorg
Lair:6:   guppyfry_lair_end_dragon, hangedman_lair_in_review
Shoals:1: nicolae_shoals_stone_sculpture_thing
Shoals:2: serial_shops, nicolae_shop_crystal, nicolae_shoals_arrival_archipelago
Shoals:3: serial_shops, bzr_entry_customers, nicolae_shop_trees,
          nicolae_shop_waterfront, shop_statue, nicolae_shop_crystal,
          uniq_polyphemus
Shoals:4: shoals_end_grunt_ice, shoals_ilsuiw_alternative,
          nicolae_shoals_square_sea_wall
Spider:3: nicolae_spider_circle_web, spiders_nest_ghost_moth_duel,
          nicolae_spider_cling_ruins, uniq_arachne, uniq_mara, uniq_nikola
Spider:4: spider_rune_water
Orc:1:    serial_shops, nicolae_alphabet_shops, uniq_erolcha
Orc:2:    st_orc_congregation, lightli_church_of_beogh
Bazaar:   bazaar_kb_twisted_cavern
Ossuary:  minmay_ossuary_two_tombs

Skill      XL: |  1  2  3  4  5  6  7  8  9 10 11 12 13 14 15 16 17 |
---------------+----------------------------------------------------+-----
Conjurations   | 4 5 6 7 8 10 12 14 16 18 | 18.5
Spellcasting   | 3 4 5 7 8 10 11 | 11.0
Shields        | 3 4 |  4.0
Fighting       | 3 5 6 9 11 12 13 | 13.0
Dodging        | 5 6 8 10 | 10.0
Translocations | 1 5 |  5.0
Armour         | 3 5 8 |  8.0
Air Magic      | 8 10 | 10.0
Stealth        | |  1.7

Action                   |  1- 3 |  4- 6 |  7- 9 | 10-12 | 13-15 | 16-18 || total
-------------------------+-------+-------+-------+-------+-------+-------++-------
Melee: Dagger            |    10 |    66 |    25 |   314 |   142 |       ||   557
       Unarmed           |     1 |       |       |       |       |       ||     1
       Rapier            |       |       |    70 |       |       |       ||    70
       Staff             |       |       |       |       |   213 |   150 ||   363
 Cast: Magic Dart        |    71 |    96 |   146 |   259 |   113 |       ||   685
       Searing Ray       |       |    18 |    69 |    80 |    15 |       ||   182
       Dazzling Spray    |       |    19 |    44 |    77 |   142 |    42 ||   324
       Iskenderun's Myst |       |       |    15 |   119 |   887 |   356 ||  1377
       Force Lance       |       |       |       |     7 |    89 |    52 ||   148
       Lightning Bolt    |       |       |       |       |    34 |    10 ||    44
       Blink             |       |       |       |       |     1 |     5 ||     6
       Orb of Destructio |       |       |       |       |     1 |   131 ||   132
       Iskenderun's Batt |       |       |       |       |       |     1 ||     1
       Conjure Ball Ligh |       |       |       |       |       |     6 ||     6
 Abil: Evoke Flight      |       |       |       |       |     2 |     8 ||    10
Evoke: Wand              |       |       |       |     2 |     8 |    19 ||    29
  Use: Scroll            |       |     3 |     8 |     9 |    17 |     6 ||    43
       Potion            |       |       |       |     2 |       |    10 ||    12
 Stab: Sleeping          |     2 |     1 |       |     1 |       |       ||     4
       Invisible         |       |     1 |     2 |     2 |     3 |     4 ||    12
  Eat: Chunk             |     3 |    14 |    13 |    40 |    92 |    42 ||   204
       Ration            |       |       |     4 |     2 |     5 |    14 ||    25
Armor: Robe              |     1 |     6 |       |       |       |       ||     7
       Leather armour    |       |    25 |    74 |   141 |       |       ||   240
       Troll leather arm |       |       |       |     6 |   183 |       ||   189
       Acid dragon scale |       |       |       |       |   115 |   299 ||   414
Dodge: Dodged            |    10 |    73 |   149 |   577 |   806 |   812 ||  2427
Block: Buckler           |       |       |    56 |   209 |   363 |   201 ||   829
       Reflection        |       |       |       |     3 |     2 |       ||     5

Table legend:
 A = Spawn XP
 B = Non-spawn XP
 C = Spawn XP percentage of total XP
 D = Spawn monster count
 E = Non-spawn monster count
 F = Spawn count percentage of total count
 G = Total turns spent on level
                    A         B        C        D         E        F      G
               +---------+---------+-------+---------+---------+-------+---------
         Total |       0 |  305282 |   0.0 |       0 |    1247 |   0.0 | 60144
               +---------+---------+-------+---------+---------+-------+---------
           D:1 |       0 |      52 |   0.0 |       0 |      26 |   0.0 |  1323
           D:2 |       0 |     207 |   0.0 |       0 |      26 |   0.0 |  1271
           D:3 |       0 |     344 |   0.0 |       0 |      41 |   0.0 |  2234
           D:4 |       0 |     476 |   0.0 |       0 |      22 |   0.0 |  1474
           D:5 |       0 |     633 |   0.0 |       0 |      22 |   0.0 |  1317
           D:6 |       0 |     817 |   0.0 |       0 |      22 |   0.0 |  1472
           D:7 |       0 |    1735 |   0.0 |       0 |      17 |   0.0 |  1513
           D:8 |       0 |    2542 |   0.0 |       0 |      35 |   0.0 |  2374
           D:9 |       0 |    2578 |   0.0 |       0 |      28 |   0.0 |  1597
          D:10 |       0 |    6573 |   0.0 |       0 |      57 |   0.0 |  2065
          D:11 |       0 |    4122 |   0.0 |       0 |      27 |   0.0 |  1237
          D:12 |       0 |   10042 |   0.0 |       0 |      69 |   0.0 |  2566
          D:13 |       0 |   11597 |   0.0 |       0 |      36 |   0.0 |  2052
          D:14 |       0 |    7463 |   0.0 |       0 |      25 |   0.0 |  1136
          D:15 |       0 |   17215 |   0.0 |       0 |      49 |   0.0 |  1744
        Lair:1 |       0 |    1630 |   0.0 |       0 |      15 |   0.0 |  1152
        Lair:2 |       0 |    9564 |   0.0 |       0 |      50 |   0.0 |  2084
        Lair:3 |       0 |    9001 |   0.0 |       0 |      53 |   0.0 |  2591
        Lair:4 |       0 |   12347 |   0.0 |       0 |      50 |   0.0 |  2235
        Lair:5 |       0 |    5173 |   0.0 |       0 |      17 |   0.0 |  2087
        Lair:6 |       0 |   23858 |   0.0 |       0 |      66 |   0.0 |  3531
      Shoals:1 |       0 |   18662 |   0.0 |       0 |      35 |   0.0 |  1823
      Shoals:2 |       0 |   13589 |   0.0 |       0 |      30 |   0.0 |  1345
      Shoals:3 |       0 |   18991 |   0.0 |       0 |      28 |   0.0 |   822
      Shoals:4 |       0 |    7393 |   0.0 |       0 |      10 |   0.0 |   146
      Spider:1 |       0 |   18054 |   0.0 |       0 |      53 |   0.0 |  2339
      Spider:2 |       0 |   17014 |   0.0 |       0 |      37 |   0.0 |  2386
      Spider:3 |       0 |   30266 |   0.0 |       0 |      56 |   0.0 |  2135
      Spider:4 |       0 |   29918 |   0.0 |       0 |      55 |   0.0 |  2952
         Orc:1 |       0 |    9407 |   0.0 |       0 |      55 |   0.0 |  2274
         Orc:2 |       0 |   13516 |   0.0 |       0 |      98 |   0.0 |  3584
       Ossuary |       0 |     503 |   0.0 |       0 |      37 |   0.0 |  1161
               +---------+---------+-------+---------+---------+-------+---------
